[Event "Team 45 45 League T77"]
[Site "Internet Chess Club"]
[Date "2018.06.23"]
[Round "1"]
[White "BrerRabbit"]
[Black "Gilguli"]
[Result "0-1"]
[WhiteElo "1388"]
[BlackElo "1333"]
[Opening "Queen's pawn, Mason variation"]
[ECO "D00"]
[Time "10:34:13"]
[TimeControl "2700+45"]

1. d4 d5 2. Bf4 Nc6 3. e3 Nf6 4. c4 e6 5. Nc3 Bb4 6. Qc2 Nh5 7. Bg3 Nxg3 8. hxg3
f6 9. O-O-O e5 10. Rxh7 Rxh7 11. Qxh7 Bxc3 12. bxc3 Qe7 13. Qg8+ Kd7 14. Qxd5+
Ke8 15. Qc5 Qxc5 16. dxc5 Be6 17. Be2 Na5 18. Nf3 Nxc4 19. Nd2 Na5 20. Kb2 Rd8
21. Nb3 Rxd1 22. Bxd1 Nc4+ 23. Kc1 Kd7 24. Bf3 c6 25. Be2 Kc7 26. Kd1 Kd7 27.
Ke1 Bd5 28. Bf3 Ke6 29. Be2 Nb2 30. f3 Bc4 31. Bxc4+ Nxc4 32. Ke2 f5 33. Kf2 Kd5
34. Ke2 e4 35. f4 Nb2 36. Kd2 Na4 37. Na5 b6 38. cxb6 axb6 39. c4+ Kc5 40. Nb7+
Kb4 41. Nd6 g6 42. Ne8 Kxc4 43. Nf6 Nc3 44. g4 Nxa2 45. gxf5 gxf5 46. g4 fxg4
47. Nxe4 Nb4 48. f5 Kd5 49. f6 Ke6 50. Ke2 Nd5 51. Kf2 Nxf6 52. Nxf6 Kxf6 53.
Kg3 Kf5 {White resigns} 0-1

[Event "Team 45 45 League T77"]
[Site "Internet Chess Club"]
[Date "2018.06.23"]
[Round "1"]
[White "Toalla"]
[Black "PsyMar"]
[Result "1-0"]
[WhiteElo "1231"]
[BlackElo "1270"]
[Opening "Réti opening"]
[ECO "A05"]
[Time "12:00:32"]
[TimeControl "2700+45"]

1. Nf3 Nf6 2. g3 d5 3. Bg2 c5 4. d4 Nc6 5. dxc5 e5 6. Bg5 Be6 7. Nc3 Bxc5 8. Na4
Qa5+ 9. c3 Be7 10. b4 Qc7 11. b5 e4 12. bxc6 b5 13. Nd4 bxa4 14. Qxa4 h6 15.
Nxe6 fxe6 16. Bf4 e5 17. Bc1 O-O 18. Bh3 Bc5 19. Be6+ Kh7 20. O-O Rfe8 21. Bxd5
Nxd5 22. Qxe4+ g6 23. Qxd5 Bd6 24. Rb1 Rab8 25. Be3 {Black resigns} 1-0

[Event "Team 45 45 League T77"]
[Site "Internet Chess Club"]
[Date "2018.06.23"]
[Round "1"]
[White "Gojira"]
[Black "Electryon"]
[Result "1/2-1/2"]
[WhiteElo "1608"]
[BlackElo "1518"]
[Opening "Queen's pawn, Mason variation"]
[ECO "D00"]
[Time "19:00:36"]
[TimeControl "2700+45"]

1. d4 d5 2. Bf4 Nf6 3. e3 c5 4. c3 Nc6 5. Nf3 e6 6. h3 cxd4 7. exd4 Bd6 8. Ne5
Qc7 9. Bb5 O-O 10. Qe2 a6 11. Bd3 b5 12. Nd2 b4 13. Nxc6 Qxc6 14. Bxd6 Qxd6 15.
Nf3 bxc3 16. bxc3 Bd7 17. O-O Rfb8 18. Rfb1 Rxb1+ 19. Rxb1 Qa3 20. Rb3 Qc1+ 21.
Qe1 Qxe1+ 22. Nxe1 h6 23. a4 Bxa4 24. Ra3 Bc6 25. Rxa6 Rxa6 26. Bxa6 Ne4 27. c4
dxc4 28. Bxc4 Nd6 29. Bd3 Kf8 30. g3 Ke7 31. f4 Kf6 32. Kf2 g5 33. Ke3 Nf5+ 34.
Bxf5 Kxf5 35. fxg5 hxg5 36. Nf3 g4 37. hxg4+ Kf6 38. g5+ Kg7 39. Ne5 Bd5 40. Nd7
Kg6 41. Kf4 Bb3 42. Ne5+ Kg7 43. Nf3 Bd5 44. Ne5 Bb3 45. Nd7 Kg6 46. Ne5+ Kg7
47. Nf3 Bd5 48. Ne5 {Game drawn by mutual agreement} 1/2-1/2

[Event "Team 45 45 League T77"]
[Site "Internet Chess Club"]
[Date "2018.06.27"]
[Round "1"]
[White "kutch"]
[Black "bennywins"]
[Result "1-0"]
[WhiteElo "1528"]
[BlackElo "1637"]
[Opening "QGD semi-Slav: 6.Bd3"]
[ECO "D46"]
[Time "20:00:24"]
[TimeControl "2700+45"]

1. d4 d5 2. c4 e6 3. Nc3 c6 4. e3 Nf6 5. Nf3 Nbd7 6. Bd3 a6 7. O-O Bd6 8. e4 Bc7
9. e5 Ng8 10. Ng5 g6 11. Qf3 Qe7 12. Re1 h6 13. Nh3 b5 14. c5 Bb7 15. b4 Qf8 16.
a4 Ne7 17. axb5 cxb5 18. Re2 Nf5 19. Be3 Nxe3 20. Qxe3 Qg7 21. Rea2 O-O 22. f4
Ra7 23. Nxb5 axb5 24. Rxa7 Rb8 25. c6 Bxc6 26. Rxc7 Rb6 27. Raa7 {Black resigns}
1-0

[Event "Team 45 45 League T77"]
[Site "Internet Chess Club"]
[Date "2018.06.24"]
[Round "1"]
[White "Scorpius"]
[Black "sdcohle"]
[Result "1-0"]
[WhiteElo "1318"]
[BlackElo "1360"]
[Opening "French: Rubinstein variation"]
[ECO "C10"]
[Time "15:25:12"]
[TimeControl "2700+45"]

1. e4 e6 2. d4 d5 3. Nc3 dxe4 4. Nxe4 Nd7 5. Nf3 Ngf6 6. Bd3 Be7 7. Bg5 b6 8.
Qd2 Bb7 9. Nxf6+ Nxf6 10. O-O-O Bxf3 11. gxf3 Qxd4 12. Bb5+ Nd7 13. Bxd7+ Qxd7
14. Qxd7+ Kf8 15. Bxe7+ Kg8 16. Qd8+ Rxd8 17. Rxd8# {Black checkmated} 1-0

[Event "Team 45 45 League T77"]
[Site "Internet Chess Club"]
[Date "2018.06.25"]
[Round "1"]
[White "Aquaman"]
[Black "stantheman59"]
[Result "0-1"]
[WhiteElo "1240"]
[BlackElo "1222"]
[Opening "Réti opening"]
[ECO "A05"]
[Time "16:04:45"]
[TimeControl "2700+45"]

1. Nf3 Nf6 2. g3 Nc6 3. Bg2 e5 4. d3 d5 5. Nbd2 Bc5 6. O-O O-O 7. c4 dxc4 8.
Nxc4 Re8 9. a3 a5 10. Qc2 b5 11. Ncxe5 Ra6 12. Qxc5 Re6 13. Nxc6 Rexc6 14. Qxb5
Bd7 15. Qb3 Rab6 16. Qd1 Rd6 17. Ne5 Be6 18. Rb1 Bb3 19. Qe1 Qe7 20. Nc4 Bxc4
21. dxc4 Ra6 22. Be3 Re6 23. Bh3 Re4 24. Qc3 Rc6 25. Qxa5 Rcxc4 26. Qa8+ Ne8 27.
Bg2 Ra4 28. Qd5 Re5 29. Qd1 Rea5 30. Bd2 Ra7 31. Bc6 Rd4 32. Bxe8 Qxe8 33. Qe1
Raa4 34. Bc3 Re4 35. e3 h6 36. Rd1 h5 37. h4 Qe6 38. Rd4 Rexd4 39. Bxd4 Qh3 40.
Qc3 Ra6 41. Bxg7 Rg6 42. Be5 c6 43. Bf4 Qxh4 44. Qd3 Kh7 45. Qe4 Qh3 46. Qg2 Qe6
47. Qf3 h4 48. Qh5+ Kg7 49. Qxh4 Qb3 50. Qh2 Qxb2 51. Qg2 Qxa3 52. Qxc6 Rxc6 53.
Be5+ f6 54. Bd4 Rc1 55. Rxc1 Qxc1+ 56. Kg2 Kg6 57. Bb6 Qc6+ {White resigns} 0-1

[Event "Team 45 45 League T77"]
[Site "Internet Chess Club"]
[Date "2018.06.21"]
[Round "1"]
[White "HomerSimpson"]
[Black "filmdirector"]
[Result "1/2-1/2"]
[WhiteElo "1988"]
[BlackElo "1591"]
[Opening "Queen's pawn, Mason variation"]
[ECO "D00"]
[Time "23:26:21"]
[TimeControl "2700+45"]

1. d4 d5 2. Bf4 Nf6 3. Nc3 Bf5 4. f3 Nc6 5. g4 Bg6 6. h4 h6 7. h5 Bh7 8. e3 e6
9. Bd3 Bxd3 10. Qxd3 Bd6 11. Nge2 Qe7 12. O-O-O O-O-O 13. Nb5 Bxf4 14. Nxf4 a6
15. Nc3 Rhe8 16. Rhe1 Kb8 17. Kb1 e5 18. dxe5 Nxe5 19. Qf1 c6 20. Nd3 Nc4 21. e4
d4 22. Na4 Ne3 23. Rxe3 dxe3 24. Qe1 Nd7 25. Qxe3 Ne5 26. Qb6 Nc4 27. Qb3 Rd4
28. c3 Na5 29. Qb6 Rxa4 30. b3 Rd8 31. bxa4 Nc4 32. Qb3 Ne3 33. Rd2 Nf1 34. Rd1
Ne3 35. Rd2 Nf1 36. Rf2 Rxd3 37. Rxf1 Qd7 38. Kc1 Qc7 39. Qc4 Qf4+ 40. Kb1 Qd2
41. Rc1 Rxf3 42. Qc5 Qd8 43. Qe5+ Ka7 44. Qxg7 Qd3+ 45. Ka1 Qxe4 46. g5 hxg5 47.
h6 Rh3 48. Qxg5 Qh4 49. Qc5+ Ka8 50. Qf8+ Ka7 51. Qxf7 Rh1 52. Rxh1 Qxh1+ 53.
Kb2 Qxh6 54. Qf2+ Ka8 55. Qb6 Qd6 56. a5 Kb8 57. Kb3 Qc7 58. Qc5 Kc8 59. Qf8+
Qd8 60. Qf5+ Qd7 61. Qc5 Kc7 62. Qb6+ Kc8 63. Kb4 Qd5 64. a3 Qb5+ 65. Qxb5 cxb5
66. c4 bxc4 67. Kxc4 Kc7 68. Kc5 Kb8 69. Kd5 Kc7 70. Kc5 Kb8 {Game drawn by
mutual agreement} 1/2-1/2

[Event "Team 45 45 League T77"]
[Site "Internet Chess Club"]
[Date "2018.06.25"]
[Round "1"]
[White "Chessfish"]
[Black "kaiclc"]
[Result "1-0"]
[WhiteElo "1697"]
[BlackElo "1350"]
[Opening "Sicilian: accelerated fianchetto, modern variation"]
[ECO "B34"]
[Time "12:45:30"]
[TimeControl "2700+45"]

1. e4 c5 2. Nf3 Nc6 3. d4 cxd4 4. Nxd4 g6 5. Nc3 Bg7 6. Be3 Nf6 7. Be2 O-O 8.
O-O d5 9. exd5 Nxd5 10. Nxd5 Qxd5 11. Bf3 Qd6 12. Nxc6 bxc6 13. Qxd6 exd6 14.
Bxc6 Rb8 15. Bxa7 Rxb2 16. Be4 Bb7 17. Bd3 Ra8 18. Be3 Rbxa2 19. Rxa2 Rxa2 20.
Rb1 Ra1 21. Rxa1 Bxa1 22. Bf4 d5 23. f3 Bd4+ 24. Kf1 f6 25. Ke2 Be5 26. Bxe5
fxe5 27. c4 d4 28. Kd2 Kf7 29. c5 Ke6 30. h4 Bc6 31. Bc4+ Bd5 32. Bb5 Bb3 33.
Kd3 Kd5 34. c6 Kd6 35. f4 Kc5 36. c7 Be6 37. Ba6 Bf5+ 38. Kd2 exf4 39. c8=Q+
Bxc8 40. Bxc8 Kd5 41. Kd3 Ke5 42. Bb7 h6 43. Be4 g5 44. hxg5 hxg5 45. Bf3 Kf5
46. Kxd4 g4 47. Bb7 Kg5 48. Ke5 g3 49. Ke4 Kg4 50. Bc8+ Kg5 51. Bd7 Kh5 52. Kxf4
Kh4 53. Bf5 Kh5 54. Kxg3 Kg5 55. Bb1 Kh5 56. Kf4 Kh4 57. g4 Kh3 58. g5 Kg2 59.
g6 Kf1 60. g7 Ke1 61. g8=Q Kf1 62. Ke3 {Black resigns} 1-0

[Event "Team 45 45 League T77"]
[Site "Internet Chess Club"]
[Date "2018.06.23"]
[Round "1"]
[White "zethhon"]
[Black "anishio"]
[Result "0-1"]
[WhiteElo "1284"]
[BlackElo "1633"]
[Opening "Grünfeld: Three knights variation"]
[ECO "D90"]
[Time "22:30:30"]
[TimeControl "2700+45"]

1. d4 Nf6 2. Nf3 g6 3. c4 Bg7 4. Nc3 d5 5. cxd5 Nxd5 6. e3 Nxc3 7. bxc3 c5 8.
Be2 O-O 9. O-O Nc6 10. Ba3 b6 11. Rb1 Bf5 12. Rc1 cxd4 13. cxd4 Rc8 14. Qa4 Na5
15. Rxc8 Bxc8 16. e4 Bd7 17. Qd1 Re8 18. d5 Qc7 19. Qd2 Nc4 20. Qc2 Bb5 21. Rc1
Rc8 22. Bxe7 Qxe7 23. Bxc4 Rxc4 24. Qd2 Rxc1+ 25. Qxc1 Qxe4 26. Qc8+ Bf8 27. Qc1
Qxd5 {White resigns} 0-1

[Event "Team 45 45 League T77"]
[Site "Internet Chess Club"]
[Date "2018.06.24"]
[Round "1"]
[White "Megasus"]
[Black "seattleblues"]
[Result "1-0"]
[WhiteElo "1486"]
[BlackElo "1324"]
[Opening "Queen's pawn game"]
[ECO "D02"]
[Time "22:02:06"]
[TimeControl "2700+45"]

1. Nf3 d5 2. d4 c6 3. h3 Nf6 4. Nbd2 Bf5 5. e3 e6 6. a3 Bd6 7. b3 Nbd7 8. Bb2
Qc7 9. c4 O-O 10. Qc1 Rac8 11. c5 Be7 12. b4 b6 13. Be2 bxc5 14. bxc5 e5 15.
Nxe5 Nxe5 16. dxe5 Nd7 17. Nf3 Nxc5 18. O-O Nb3 19. Qc3 Nxa1 20. Rxa1 Rb8 21.
Nd4 Qxe5 22. Nxc6 Qxc3 23. Nxe7+ Kh8 24. Bxc3 Be6 25. Be5 Rb7 26. Nc6 f6 27. Bd4
Bd7 28. Nxa7 Ra8 29. Bf3 Rbxa7 30. Bxa7 Rxa7 31. Bxd5 h6 32. Be4 Rc7 33. Rb1 Rc8
34. Rb7 Rd8 35. Ra7 {Black resigns} 1-0

[Event "Team 45 45 League T77"]
[Site "Internet Chess Club"]
[Date "2018.06.24"]
[Round "1"]
[White "FlyingTiger"]
[Black "Goli"]
[Result "1/2-1/2"]
[WhiteElo "1693"]
[BlackElo "1655"]
[Opening "English: symmetrical, Benoni formation"]
[ECO "A31"]
[Time "12:00:49"]
[TimeControl "2700+45"]

1. d4 Nf6 2. c4 c5 3. Nf3 cxd4 4. Nxd4 g6 5. g3 Bg7 6. Bg2 O-O 7. O-O Nc6 8.
Nxc6 dxc6 9. Nc3 Qb6 10. Qc2 Be6 11. b3 Rad8 12. Bb2 Bc8 13. Rad1 h5 14. Na4 Qc7
15. h3 b6 16. Rxd8 Rxd8 17. Rd1 Bb7 18. Nc3 a6 19. e3 Rxd1+ 20. Qxd1 c5 21. Bxb7
Qxb7 22. Qd8+ Kh7 23. Qd2 Ne4 24. Nxe4 Qxe4 25. Bxg7 Kxg7 26. Qe2 Qe5 27. h4
{Game drawn by mutual agreement} 1/2-1/2

[Event "Team 45 45 League T77"]
[Site "Internet Chess Club"]
[Date "2018.06.24"]
[Round "1"]
[White "Egmont"]
[Black "krysto"]
[Result "0-1"]
[WhiteElo "1630"]
[BlackElo "1572"]
[Opening "QGD: 4.Bg5 Be7"]
[ECO "D53"]
[Time "10:00:52"]
[TimeControl "2700+45"]

1. d4 e6 2. c4 d5 3. Nc3 Nf6 4. Bg5 Be7 5. e3 h6 6. Bh4 O-O 7. Bd3 c6 8. Rc1
Nbd7 9. Bg3 Qb6 10. Qe2 dxc4 11. Bxc4 Bb4 12. Bd3 Qa5 13. a3 Bxc3+ 14. Rxc3 Nd5
15. Bd6 Nxc3 16. Qd2 Qd5 17. Bxf8 Qxg2 18. bxc3 Qxh1 19. Kf1 Kxf8 {White
resigns} 0-1

[Event "Team 45 45 League T77"]
[Site "Internet Chess Club"]
[Date "2018.06.23"]
[Round "1"]
[White "scostanzo212"]
[Black "AVEMARIA"]
[Result "0-1"]
[WhiteElo "1536"]
[BlackElo "1607"]
[Opening "Nimzo-Indian: 4.e3, Gligoric system with 7...dc"]
[ECO "E54"]
[Time "10:02:28"]
[TimeControl "2700+45"]

1. d4 Nf6 2. c4 e6 3. Nc3 Bb4 4. e3 c5 5. Nf3 d5 6. Bd3 dxc4 7. Bxc4 O-O 8. O-O
a6 9. Qc2 b5 10. Be2 cxd4 11. exd4 Bb7 12. a3 Bd6 13. Ne5 Nbd7 14. f4 Rc8 15.
Qd3 Nb6 16. Bf3 Nbd5 17. Ne2 Qb6 18. Kh1 Rfd8 19. Bd2 a5 20. g4 Bxe5 21. fxe5
Nxg4 22. Rg1 Nf2+ {White resigns} 0-1

[Event "Team 45 45 League T77"]
[Site "Internet Chess Club"]
[Date "2018.06.22"]
[Round "1"]
[White "tightfist"]
[Black "ryanfu2008"]
[Result "1-0"]
[WhiteElo "1470"]
[BlackElo "1478"]
[Opening "Grünfeld: 5.e3"]
[ECO "D94"]
[Time "20:00:57"]
[TimeControl "2700+45"]

1. Nf3 Nf6 2. c4 g6 3. d4 Bg7 4. Nc3 d5 5. e3 O-O 6. b3 c5 7. cxd5 Nxd5 8. Nxd5
Qxd5 9. Bc4 Qd6 10. O-O Nc6 11. Ba3 b6 12. Rc1 Na5 13. dxc5 Qxd1 14. Rfxd1 Nxc4
15. Rxc4 Be6 16. Rcc1 bxc5 17. Bxc5 Bf6 18. Bd4 Bxd4 19. Nxd4 Bd5 20. Nc6 Bxc6
21. Rxc6 Rad8 22. Rxd8 Rxd8 23. g3 Rd1+ 24. Kg2 Rd7 25. Rc8+ Kg7 26. Ra8 h5 27.
h4 Kf6 28. b4 Ke6 29. a4 Kd6 30. Kf3 Kd5 31. Rb8 Kc4 32. a5 a6 33. Rb6 Rd6 34.
Rb7 Re6 35. Ke2 Kb3 36. f3 f5 37. Rb6 Rd6 38. Rxd6 exd6 39. b5 {Black resigns}
1-0

[Event "Team 45 45 League T77"]
[Site "Internet Chess Club"]
[Date "2018.06.21"]
[Round "1"]
[White "mongmong"]
[Black "drsigmund1"]
[Result "1/2-1/2"]
[WhiteElo "1491"]
[BlackElo "1524"]
[Opening "Queen's pawn"]
[ECO "A40"]
[Time "21:01:15"]
[TimeControl "2700+45"]

1. d4 e6 2. Nf3 f5 3. g3 Nf6 4. Bg2 Be7 5. O-O O-O 6. b3 d5 7. Bb2 Qe8 8. Ne5
Nbd7 9. Nd3 b6 10. c4 c6 11. Nd2 Bb7 12. Rc1 Rc8 13. f3 {Game drawn by mutual
agreement} 1/2-1/2

[Event "Team 45 45 League T77"]
[Site "Internet Chess Club"]
[Date "2018.06.21"]
[Round "1"]
[White "LuFran"]
[Black "losscause"]
[Result "1/2-1/2"]
[WhiteElo "1513"]
[BlackElo "1468"]
[Opening "Budapest: Rubinstein variation"]
[ECO "A52"]
[Time "20:01:36"]
[TimeControl "2700+45"]

1. d4 Nf6 2. c4 e5 3. dxe5 Ng4 4. Bf4 Nc6 5. Nf3 Bb4+ 6. Nbd2 Qe7 7. e3 Ngxe5 8.
Nxe5 Nxe5 9. Be2 d6 10. O-O O-O 11. a3 Bxd2 12. Qxd2 b6 13. b4 Bb7 14. Rac1 c5
15. Rfd1 Rad8 16. Qc3 Ng6 17. Bg3 Nh4 18. Bf1 Rfe8 19. Rd2 Qe4 20. Bxh4 Qxh4 21.
Rcd1 Qe7 22. Qb2 Rd7 23. Qa2 Red8 {Game drawn by mutual agreement} 1/2-1/2

[Event "Team 45 45 League T77"]
[Site "Internet Chess Club"]
[Date "2018.06.22"]
[Round "1"]
[White "zethhon"]
[Black "BrianWood"]
[Result "0-1"]
[WhiteElo "1288"]
[BlackElo "1505"]
[Opening "Queen's bishop game"]
[ECO "D02"]
[Time "22:03:11"]
[TimeControl "2700+45"]

1. d4 d5 2. Nf3 Nf6 3. Bf4 c5 4. e3 Nc6 5. c3 Qb6 6. Qb3 c4 7. Qc2 Bf5 8. Qc1 e6
9. Be2 Be7 10. O-O O-O 11. Nbd2 Rfc8 12. b3 cxb3 13. axb3 Ne4 14. Qb2 Nxd2 15.
Nxd2 h6 16. Kh1 a5 17. f3 f6 18. e4 dxe4 19. fxe4 Bg6 20. Bf3 a4 21. Bg4 e5 22.
Bxc8 a3 23. Be6+ Kh7 24. Qc1 exf4 25. Rxf4 Nxd4 26. cxd4 Qxe6 27. Qc7 Bd6 28.
Qxb7 Bxf4 29. Qxa8 Bxd2 30. Qxa3 Bxe4 31. Qb2 Bxg2+ 32. Kxg2 Qe2+ 33. Kh3 Qf3+
34. Kh4 g5# {White checkmated} 0-1

[Event "Team 45 45 League T77"]
[Site "Internet Chess Club"]
[Date "2018.06.22"]
[Round "1"]
[White "olivermx"]
[Black "jmd1490"]
[Result "1-0"]
[WhiteElo "1226"]
[BlackElo "1289"]
[Opening "Ruy Lopez: old Steinitz defense"]
[ECO "C62"]
[Time "12:00:42"]
[TimeControl "2700+45"]

1. e4 e5 2. Nf3 Nc6 3. Bb5 d6 4. O-O Bd7 5. c3 Nf6 6. Re1 Be7 7. d3 h6 8. Be3
O-O 9. Nbd2 a6 10. Ba4 b5 11. Bc2 Ng4 12. Nf1 Nxe3 13. Nxe3 Bg4 14. Nf1 Rb8 15.
h3 Bxf3 16. Qxf3 b4 17. Ng3 bxc3 18. bxc3 Na7 19. Bb3 Nb5 20. Rec1 Bg5 21. Rc2
Na3 22. Rb2 Nb5 23. Rab1 Ra8 24. Ne2 c5 25. Bd5 Rb8 26. a4 Nd4 27. cxd4 Rxb2 28.
Rxb2 Qa5 29. Rb7 Bf6 30. Ng3 Qd8 31. Nh5 exd4 32. Nxf6+ gxf6 33. Qh5 Qe8 34.
Qxh6 f5 35. exf5 Qe1+ 36. Kh2 Qe5+ 37. g3 Qxd5 38. f6 Qg5 39. Qxg5+ Kh7 40. Qg7#
{Black checkmated} 1-0

[Event "Team 45 45 League T77"]
[Site "Internet Chess Club"]
[Date "2018.06.23"]
[Round "1"]
[White "az2112"]
[Black "idjit"]
[Result "0-1"]
[WhiteElo "1498"]
[BlackElo "1519"]
[Opening "French: Tarrasch, Guimard variation"]
[ECO "C04"]
[Time "11:06:38"]
[TimeControl "2700+45"]

1. e4 e6 2. d4 d5 3. Nd2 Nc6 4. c3 Nf6 5. e5 Nd7 6. Bd3 f6 7. Qh5+ g6 8. Bxg6+
hxg6 9. Qxh8 fxe5 10. Qg8 Qf6 11. Ngf3 e4 12. Ne5 Ndxe5 13. dxe5 Nxe5 14. O-O
Bd7 15. Qh7 O-O-O 16. Nb3 Bd6 17. Qh3 Rh8 18. Bg5 Qf8 {White resigns} 0-1

[Event "Team 45 45 League T77"]
[Site "Internet Chess Club"]
[Date "2018.06.21"]
[Round "1"]
[White "Kingofknights"]
[Black "joaoazm"]
[Result "0-1"]
[WhiteElo "1457"]
[BlackElo "1510"]
[Opening "Grünfeld: exchange variation"]
[ECO "D85"]
[Time "19:00:12"]
[TimeControl "2700+45"]

1. d4 Nf6 2. c4 g6 3. Nc3 d5 4. cxd5 Nxd5 5. e4 Nxc3 6. bxc3 Bg7 7. Be3 c5 8.
Qd2 O-O 9. Nf3 cxd4 10. cxd4 Nc6 11. Rc1 Bg4 12. Bb5 Bxf3 13. Bxc6 Bxg2 14. Rg1
bxc6 15. Rxg2 Rc8 16. h4 e5 17. dxe5 Qxh4 18. Kf1 Qh1+ 19. Rg1 Qxe4 20. Bxa7
Qxe5 21. Be3 Rfd8 22. Qb4 Qh2 23. a4 Re8 24. a5 Qh3+ 25. Rg2 Rxe3 26. fxe3 Qh1+
27. Rg1 Qf3+ {White resigns} 0-1

[Event "Team 45 45 League T77"]
[Site "Internet Chess Club"]
[Date "2018.06.22"]
[Round "1"]
[White "guyd52"]
[Black "seattleblues"]
[Result "1/2-1/2"]
[WhiteElo "1276"]
[BlackElo "1358"]
[Opening "Réti: King's Indian attack (Barcza system)"]
[ECO "A07"]
[Time "19:01:52"]
[TimeControl "2700+45"]

1. Nf3 d5 2. g3 Nd7 3. Bg2 e5 4. d3 c6 5. O-O Ngf6 6. Nbd2 Bc5 7. h3 O-O 8. e4
Re8 9. Qe2 Nh5 10. c4 Nxg3 11. Qe1 Nxf1 12. Kxf1 dxc4 13. Nxc4 b5 14. Na5 Qc7
15. b4 Bd6 16. a3 Nf6 17. Bb2 c5 18. Rc1 c4 19. dxc4 bxc4 20. Nxc4 Ba6 21. Nd2
Rac8 22. Qe2 Nd7 23. Kg1 Nb6 24. Nxd6 Qxc1+ 25. Bxc1 Bxe2 26. Nxe8 Rxe8 27. f3
Rc8 28. Nb3 Bd1 29. Bb2 Bxb3 30. Bxe5 f6 31. Bd4 Rd8 32. Bc5 Rd1+ 33. Kh2 Rd2
34. Kg3 Be6 35. Be3 Rd3 36. Bc1 Nc4 37. a4 Nd6 38. Bf4 Nxe4+ 39. Kh2 g5 40. Bb8
Nc3 41. Bxa7 Nxa4 42. b5 Rb3 43. Bf1 Rxf3 44. Bg2 Rb3 45. Bf1 Bd7 46. Bc4+ Kg7
47. Bxb3 Bxb5 48. Bc2 Nc3 49. Bf5 Be8 50. Bc5 Bg6 51. Be6 Ne4 52. Bd4 Nd2 53.
Bg4 Be4 54. Kg3 Kg6 55. Bd7 Bf5 56. Be8+ Kg7 57. Bc6 Ne4+ 58. Kg2 Nd6 59. Kg3
Be4 60. Bd7 Nf5+ 61. Bxf5 Bxf5 62. Bc5 Kf7 63. h4 g4 64. Be3 Kg6 65. Kf4 Bc8 66.
Bf2 h5 67. Bg3 Kf7 68. Bf2 Ke6 69. Bg3 Bb7 70. Bf2 Bf3 71. Bd4 Bd1 72. Bf2 Bc2
73. Bd4 Bg6 74. Bf2 Kd5 75. Be1 Kc4 76. Ke3 Kd5 77. Bg3 f5 78. Kf4 Ke6 79. Kg5
Bf7 80. Bf4 Be8 81. Bg3 Kd5 82. Kxf5 Kd4 83. Kf4 Kd3 84. Bf2 Ke2 85. Bd4 Kf1 86.
Kg3 Ke2 87. Bc5 Bc6 88. Bd4 Kd3 89. Ba7 Ke4 90. Bg1 Bb5 91. Ba7 Be2 92. Bb8 Ke3
93. Ba7+ Kd2 94. Bb8 Ke1 95. Ba7 Kf1 96. Bb6 {Game drawn by mutual agreement}
1/2-1/2

[Event "Team 45 45 League T77"]
[Site "Internet Chess Club"]
[Date "2018.06.24"]
[Round "1"]
[White "mongmong"]
[Black "guyd52"]
[Result "1-0"]
[WhiteElo "1498"]
[BlackElo "1269"]
[Opening "Queen's pawn game"]
[ECO "D02"]
[Time "19:03:04"]
[TimeControl "2700+45"]

1. d4 d5 2. Nf3 g6 3. e3 e6 4. c4 c6 5. Nc3 Bg7 6. Bd3 Nf6 7. O-O O-O 8. Qb3
Nbd7 9. Bd2 Qb6 10. Qc2 c5 11. Na4 Qc6 12. Nxc5 Nxc5 13. dxc5 Qxc5 14. cxd5 Qxc2
15. Bxc2 Nxd5 16. Rab1 Rd8 17. Rfd1 Bd7 18. Bb3 Bc6 19. Nd4 Bxd4 20. exd4 a6 21.
a3 b5 22. Rdc1 Rac8 23. Rc5 Bb7 24. Rbc1 Rxc5 25. Rxc5 Rc8 26. Rxc8+ Bxc8 27. f4
f5 28. Kf2 Kf7 29. Ke2 Bb7 30. g3 Nf6 31. Bc2 Ne4 32. Be1 Nd6 33. Bb3 Bd5 34.
Bxd5 exd5 35. Kd2 Nc4+ 36. Kc2 Ke6 37. Kb3 Kd7 38. Ka2 Kc6 39. b3 Nb6 40. Kb2
Kb7 41. Kc3 Kc6 42. Kb4 h5 43. h4 Kd6 44. Ka5 Kc6 45. Kxa6 Na8 46. Ba5 b4 47.
axb4 Nc7+ 48. Bxc7 Kxc7 49. b5 Kb8 50. Kb6 {Black resigns} 1-0

[Event "Team 45 45 League T77"]
[Site "Internet Chess Club"]
[Date "2018.06.22"]
[Round "1"]
[White "Aquaman"]
[Black "PsyMar"]
[Result "1/2-1/2"]
[WhiteElo "1259"]
[BlackElo "1289"]
[Opening "English opening"]
[ECO "A16"]
[Time "15:34:13"]
[TimeControl "2700+45"]

1. c4 Nf6 2. Nc3 g6 3. Nf3 Bg7 4. d3 O-O 5. Be3 d5 6. cxd5 Nxd5 7. Nxd5 Qxd5 8.
Qc1 Qd6 9. Rb1 Na6 10. a3 b6 11. g3 Nc5 12. Bxc5 bxc5 13. Bg2 Rb8 14. b3 Be6 15.
Nd2 Bh6 16. Qd1 Rb6 17. O-O Bxd2 18. Qxd2 Rxb3 19. Rxb3 Bxb3 20. Qc3 Rb8 21. Rc1
c4 22. dxc4 Qxa3 23. Ra1 Qb4 24. Qxb4 Rxb4 25. Rxa7 Rxc4 26. Bf1 Rc1 27. Kg2
Bd5+ 28. f3 e5 29. Kf2 f5 30. h4 Kg7 31. Bh3 Kf6 32. Ra6+ c6 33. Ra7 h6 34. Bg2
Rb1 35. Ra3 Rb8 36. Rc3 Rc8 37. e4 Be6 38. exf5 gxf5 39. f4 e4 40. Ke3 Bd5 41.
Bf1 Kg6 42. Be2 h5 43. Kd4 Rh8 44. Ba6 Rh7 45. Bc4 Bxc4 46. Rxc4 Re7 47. Rxc6+
Kf7 48. Ke3 Kg8 49. Rc2 Rg7 50. Rg2 Rd7 51. Rc2 Rd3+ 52. Kf2 Kf7 53. Rc6 Rf3+
54. Kg2 Kg7 55. Rc7+ Kg6 56. Rc6+ Kg7 {Game drawn by mutual agreement} 1/2-1/2

[Event "Team 45 45 League T77 u"]
[Site "Internet Chess Club"]
[Date "2018.06.23"]
[Round "1"]
[White "Just-Jim"]
[Black "Conjurer"]
[Result "0-1"]
[WhiteElo "1227"]
[BlackElo "1222"]
[Opening "Queen's pawn game, Darooha variation "]
[ECO "D02"]
[Time "15:16:10"]
[TimeControl "2700+45"]

1. Nf3 Nf6 2. d4 d5 3. h3 e6 4. a3 c5 5. Nc3 cxd4 6. Nxd4 Nc6 7. Bf4 Qb6 8. Ncb5
e5 9. e3 exf4 10. Nxc6 Qxc6 11. Nd4 Qc7 12. Be2 Bd6 13. Nb5 Qa5+ 14. c3 Bd7 15.
Nxd6+ Ke7 16. Nxb7 Qb6 17. Qd4 Qxb7 18. Qc5+ Kd8 19. O-O Re8 20. Qa5+ Qb6 21.
Qxb6+ axb6 22. Bf3 Ne4 23. Rad1 Bc6 24. exf4 Ra7 25. c4 Ba4 26. Rxd5+ Rd7 27.
Re5 Rxe5 28. fxe5 Nd2 29. Re1 Nxc4 30. b3 Bxb3 31. Bc6 Re7 32. Rb1 Nd2 33. Rb2
Kc7 34. Bb5 Rxe5 35. Bd3 Re1+ 36. Kh2 Rd1 37. Bxh7 g6 38. Bg8 Be6 39. h4 Nc4 40.
Rc2 Kd8 41. h5 gxh5 42. Bh7 Nxa3 43. Rc3 Nc4 44. Be4 f5 45. Bd3 Ne5 46. Ba6 Ng4+
47. Kg3 Rd2 48. Re3 Nxe3 49. fxe3 Bd5 50. Kf4 Be4 51. g3 Ke7 52. Kg5 Kf7 53.
Kxh5 Kf6 54. g4 Rh2# {White checkmated} 0-1

[Event "Team 45 45 League T77"]
[Site "Internet Chess Club"]
[Date "2018.06.24"]
[Round "1"]
[White "tasawyer81"]
[Black "WzeroMN"]
[Result "1-0"]
[WhiteElo "1170"]
[BlackElo "1087"]
[Opening "Queen's pawn, Mason variation"]
[ECO "D00"]
[Time "18:32:49"]
[TimeControl "2700+45"]

1. d4 d5 2. Bf4 g6 3. e3 Nf6 4. c3 Bg7 5. Nf3 Bg4 6. Nbd2 Ne4 7. Qa4+ Qd7 8. Bb5
c6 9. Bd3 O-O 10. Nxe4 Bxf3 11. Nc5 Qg4 12. gxf3 Qxf3 13. Rf1 b6 14. Be2 Qh3 15.
Nd3 b5 16. Qc2 Nd7 17. O-O-O Bh6 18. Rg1 Bxf4 19. Nxf4 Qh4 20. Bg4 Nf6 21. Qe2
Nxg4 22. Rxg4 Qf6 23. Rdg1 Kh8 24. h4 h5 25. Nxh5 gxh5 26. Rg5 Qh6 27. Rxh5 Kh7
28. Rxh6+ Kxh6 29. Qf3 Rg8 30. Qf4+ Kh7 31. Qxf7+ Kh6 32. Rxg8 Rxg8 33. Qxg8
{Black resigns} 1-0

[Event "Team 45 45 League T77"]
[Site "Internet Chess Club"]
[Date "2018.06.24"]
[Round "1"]
[White "Scorpius"]
[Black "smsxman"]
[Result "0-1"]
[WhiteElo "1298"]
[BlackElo "1302"]
[Opening "Blackmar gambit"]
[ECO "B01"]
[Time "12:13:30"]
[TimeControl "2700+45"]

1. e4 d5 2. d4 dxe4 3. Nc3 Nf6 4. f3 exf3 5. Qxf3 Nc6 6. Bb5 Bd7 7. Nge2 e6 8.
Be3 Be7 9. O-O-O O-O 10. Bd3 Re8 11. h4 e5 12. Ne4 exd4 13. Nxd4 Ne5 14. Nxf6+
Bxf6 15. Qh5 Nxd3+ 16. Rxd3 Qc8 17. Bg5 Bg4 18. Qxg4 Qxg4 19. Bxf6 Qf4+ 20. Kb1
Qxf6 21. g4 Rad8 22. g5 Qf2 23. h5 Re1+ 24. Rd1 Rxd1+ 25. Rxd1 Rxd4 26. Rc1 g6
27. h6 Qe2 28. c3 Rd1 29. b3 Rxc1+ 30. Kxc1 Qe3+ 31. Kb2 Qxg5 {White resigns}
0-1